 Dungeon Crawl Stone Soup version 0.29.1-2-gbd0b4ee654 (webtiles) character file.

Game seed: 3568941408436956973

3705 funnyparkerb the Thaumaturge (level 9, -4/55 HPs)
             Began as a Deep Elf Conjurer on Nov 17, 2022.
             Was an Initiate of Vehumet.
             Killed by divine providence
             ... invoked by a meliai
              (13 damage)
             ... on level 9 of the Dungeon.
             The game lasted 00:21:45 (8083 turns).

funnyparkerb the Thaumaturge (Deep Elf Conjurer)    Turns: 8083, Time: 00:21:46

Health: -4/55      AC: 10    Str:  7    XL:     9   Next: 91%
Magic:  13/24      EV: 16    Int: 28    God:    Vehumet [......]
Gold:   576        SH:  0    Dex: 19    Spells: 10/26 levels left

rFire   . . .      SeeInvis +   M - +8 short sword of the Thing {freeze, rPois rC+ Str+3 SInv}
rCold   + . .      Faith    .   (no shield)
rNeg    . . .      Spirit   .   a - +0 robe
rPois   +          Reflect  .   (no helmet)
rElec   .          Harm     .   c - +2 cloak
rCorr   .          Rampage  .   (no gloves)
Will    .....                   t - +0 pair of boots
Stlth   ++........              x - amulet of magic regeneration
HPRegen 0.18/turn               B - +6 ring of dexterity
MPRegen 0.59/turn               A - +4 ring of protection

@: no status effects
A: no striking features
a: Renounce Religion


You were on level 9 of the Dungeon.
You worshipped Vehumet.
Vehumet was noncommittal.
You visited 2 branches of the dungeon, and saw 10 of its levels.

You collected 576 gold pieces.

Inventory:

Hand Weapons
 f - a +3 dagger of venom
 M - the +8 short sword of the Thing (weapon) {freeze, rPois rC+ Str+3 SInv}
   (You found it on level 9 of the Dungeon)

   It freezes those it strikes, dealing additional cold damage.
   It can also slow down cold-blooded creatures.
   Str:       It affects your strength (+3).
   rC:        It protects you from cold.
   rPois:     It protects you from poison.
   SInv:      It lets you see invisible.
Missiles
 I - a throwing net
Armour
 a - a +0 robe (worn)
 c - a +2 cloak (worn)
 t - a +0 pair of boots (worn)
 K - a +0 leather armour of poison resistance
Magical Staves
 o - a staff of fire
Jewellery
 q - a +6 ring of strength
 u - a ring of fire
 x - an amulet of magic regeneration (around neck)
 A - a +4 ring of protection (right hand)
 B - a +6 ring of dexterity (left hand)
 G - a ring of protection from cold
 L - a ring of ice
Wands
 p - a wand of digging (2)
 z - a wand of iceblast (11)
 N - a wand of flame (9)
Scrolls
 d - 4 scrolls of immolation
 i - a scroll of fear
 k - 3 scrolls of butterflies
 m - 2 scrolls of blinking
 n - 2 scrolls of amnesia {unknown}
 r - 2 scrolls of poison
 v - a scroll of enchant armour {unknown}
 w - 2 scrolls of identify
 y - 2 scrolls of enchant weapon
 C - 2 scrolls of noise {unknown}
 E - 2 scrolls of teleportation
 J - a scroll of brand weapon {unknown}
Potions
 b - 4 potions of magic
 e - 3 potions of attraction {unknown}
 g - 6 potions of curing
 h - a potion of brilliance {unknown}
 j - 2 potions of heal wounds {unknown}
 l - 2 potions of degeneration {unknown}
 s - 4 potions of mutation {unknown}
 D - 2 potions of might {unknown}
 F - 2 potions of cancellation {unknown}
 H - a potion of flight {unknown}


   Skills:
 * Level 5.7 Fighting
 + Level 6.3 Dodging
 - Level 2.4 Stealth
 + Level 9.2 Spellcasting
 + Level 8.6 Conjurations
 - Level 5.0 Hexes
 - Level 5.0 Translocations


You had 10 spell levels left.
You knew the following spells:

 Your Spells              Type           Power      Damage    Failure   Level
a - Magic Dart            Conj           100%       1d8       1%          1
b - Searing Ray           Conj           100%       2d8       1%          2
c - Dazzling Flash        Conj/Hex       100%       N/A       1%          3
d - Fulminant Prism       Conj/Hex       25%        3d14      2%          4
e - Iskenderun's Mystic   Conj/Tloc      50%        2d11      2%          4
f - Blink                 Tloc           80%        N/A       1%          2

Your spell library contained the following spells:

 Spells                   Type           Power      Damage    Failure   Level
 Static Discharge         Conj/Air       37%        3-8/arc   1%          2
 Confusing Touch          Hex            40%        N/A       1%          3
 Lesser Beckoning         Tloc           40%        N/A       1%          3
 Portal Projectile        Hex/Tloc       80%        N/A       1%          3
 Necrotise                Necr           48%        1d6       4%          1
 Sublimation of Blood     Necr           12%        N/A       7%          2
 Wereblood                Tmut           12%        N/A       7%          2
 Sticky Flame             Conj/Fire      37%        2d6       8%          4
 Call Canine Familiar     Summ           12%        N/A       13%         3
 Vampiric Draining        Necr           12%        2d6       13%         3
 Leda's Liquefaction      Hex/Erth       13%        N/A       16%         4
 Manifold Assault         Tloc           40%        N/A       16%         5
 Animate Dead             Necr           12%        N/A       41%         4
 Dispel Undead            Necr           12%        3d9       41%         4
 Yara's Violent Unravell  Hex/Tmut       13%        3d7       41%         5
 Agony                    Necr           12%        N/A       77%         5
 Enfeeble                 Hex            20%        N/A       99%         7
 Haunt                    Necr/Summ      6%         N/A       100%        7
 Summon Hydra             Summ           6%         N/A       100%        7
 Infestation              Necr           6%         N/A       100%        8


Dungeon Overview and Level Annotations

Branches:
Dungeon (9/15)             Temple (1/1) D:4
   Lair: D:8-11         Orc: D:9-12

Altars:
Ashenzari
Cheibriados
Dithmenos
Elyvilon
Fedhas
Gozag
Hepliaklqana
Makhleb
Nemelex Xobeh
Okawaru
Qazlal
Ru
Sif Muna
Trog
Uskayaw
Vehumet
Wu Jian
Yredelemnul
Zin
The Shining One

Shops:
D:4 *

Annotations:
D:9 Joseph


Message History

Your fulminant prism detonates feebly.
The meliai mumbles some strange prayers to its god against you.
Something smites you!
Joseph shouts, "I love to fight!
I love killing!"
Casting: Fulminant Prism (dangerous; 2% risk of failure)
Confirm with . or Enter, or press ? or * to list all spells.
Aiming: Fulminant Prism (dangerous; 2% risk of failure)
Press: ? - help, Dir - move target You conjure a prism of explosive energy!
A fulminant prism comes into view.
The meliai mumbles some strange prayers to its god against you.
Something smites you!
Joseph shoots a sling bullet.
The sling bullet completely misses you.
Your fulminant prism crackles loudly.
You hear an explosion!
Casting: Fulminant Prism (dangerous; 2% risk of failure)
Confirm with . or Enter, or press ? or * to list all spells.
Aiming: Fulminant Prism (dangerous; 2% risk of failure)
Press: ? - help, Dir - move target You conjure a prism of explosive energy!
A fulminant prism comes into view.
The meliai hits you with a +2 hand axe of electrocution!
The meliai stings you.
The meliai invokes the aid of its god against you.
Something smites you!
* * * LOW HITPOINT WARNING * * *
Casting: Fulminant Prism (dangerous; 2% risk of failure)
Confirm with . or Enter, or press ? or * to list all spells.
You erupt in a blast of force!
The mystic blast hits the meliai!
The meliai is moderately wounded.
The meliai is knocked back by the mystic blast.
Your fulminant prism crackles loudly.
Okay, then.
Blink to where?
Press: ? - help, Dir - move target
As you read the scroll of blinking, it crumbles to dust.
You hear an explosion!
The meliai calls down the wrath of its god upon you.
Something smites you!
You die...

#..#.............
#..#.............
#..#.............
#..#.............
#..#............. . ##
#..##............ .########.
#..###......#####
.........########...........####
..........y.....@..............#
...............................#
##...*.############............#
#.....###### ###............#
#..........#####..............#
....*....†............#........#
......................#........#
...............................#
........................#.....##


You could see a meliai.

Vanquished Creatures
  A two-headed ogre (D:8)
  Sigmund (D:3)
  2 steam dragons
  Grum (D:8)
  Menkaure (D:6)
  A water moccasin (D:5)
  An ice beast (D:7)
  A sky beast (D:7)
  A black bear (D:7)
  3 orc warriors
  An ogre (D:5)
  2 wolves (D:8)
  A centaur (D:9)
  A kobold brigand (D:8)
  A necrophage (D:5)
  2 bullfrogs
  3 scorpions
  A killer bee (D:9)
  2 howler monkeys (D:7)
  2 hounds
  3 jellies
  3 orc priests
  A gnoll bouda (D:6)
  Jessica (D:3)
  Natasha (thrice) (D:2)
  7 orc wizards
  3 iguanas
  A statue (D:8)
  12 adders
  5 gnolls (D:6)
  A shadow imp (D:5)
  2 white imps (D:6)
  3 ufetubi
  4 dart slugs
  26 orcs
  5 endoplasms
  2 giant cockroaches
  A goblin (D:1)
  5 hobgoblins
  3 quokkas
  4 ball pythons
  5 bats
  5 frilled lizards
  13 kobolds
  7 rats
154 creatures vanquished.

Vanquished Creatures (others)
  61 fulminant prisms
  2 plants (D:2)
63 creatures vanquished.

Grand Total: 217 creatures vanquished

Notes
Turn   | Place    | Note
-------+----------+-------------------------------------------
     0 | D:1      | funnyparkerb the Deep Elf Conjurer began the quest for the
                  | Orb.
     0 | D:1      | Reached XP level 1. HP: 10/10 MP: 6/6
   232 | D:1      | Reached XP level 2. HP: 15/15 MP: 2/8
   292 | D:1      | Learned a level 2 spell: Searing Ray
   674 | D:1      | Found a faded altar of an unknown god.
  1116 | D:1      | Reached skill level 4 in Spellcasting
  1172 | D:2      | Found a burning altar of Makhleb.
  1176 | D:2      | Reached skill level 5 in Conjurations
  1177 | D:2      | Reached XP level 3. HP: 19/19 MP: 5/10
  1285 | D:2      | Learned a level 3 spell: Dazzling Flash
  1348 | D:2      | Noticed Natasha
  1355 | D:2      | Killed Natasha
  1356 | D:2      | Reached skill level 1 in Hexes
  1412 | D:2      | Noticed Natasha
  1416 | D:2      | Killed Natasha
  1417 | D:2      | Reached XP level 4. HP: 24/24 MP: 7/12
  1540 | D:2      | Noticed Natasha
  1549 | D:2      | Killed Natasha
  1756 | D:2      | Reached skill level 5 in Spellcasting
  1788 | D:2      | Reached XP level 5. HP: 28/28 MP: 6/14
  2085 | D:3      | Noticed Sigmund
  2092 | D:3      | Learned a level 4 spell: Fulminant Prism
  2097 | D:3      | Learned a level 4 spell: Iskenderun's Mystic Blast
  2108 | D:3      | Killed Sigmund
  2109 | D:3      | Reached XP level 6. HP: 15/32 MP: 3/16
  2300 | D:3      | Learned a level 2 spell: Blink
  2401 | D:3      | Found a large runed translucent door.
  2402 | D:3      | Found a large runed translucent door.
  2448 | D:3      | Found a sacrificial altar of Ru.
  2455 | D:3      | Found a shadowy altar of Dithmenos.
  2683 | D:3      | Reached skill level 6 in Spellcasting
  2683 | D:3      | Reached skill level 1 in Translocations
  2898 | D:3      | Noticed Jessica
  2901 | D:3      | Killed Jessica
  3189 | D:3      | Found an ornate altar of the Wu Jian Council.
  3295 | D:4      | Found Teheol's Lightly-Used Armoury.
  3576 | D:4      | Found a staircase to the Ecumenical Temple.
  3584 | Temple   | Entered the Ecumenical Temple
  3904 | D:5      | Entered Level 5 of the Dungeon
  3916 | D:5      | Reached XP level 7. HP: 36/36 MP: 13/18
  4090 | D:5      | Found a basalt altar of Yredelemnul.
  4147 | D:5      | Noticed a fire elemental
  4149 | D:5      | Found a stormy altar of Qazlal.
  4151 | D:5      | Noticed an air elemental
  4151 | D:5      | Noticed a water elemental
  4330 | D:5      | Reached skill level 1 in Fighting
  4330 | D:5      | Reached skill level 5 in Hexes
  4845 | D:6      | Reached skill level 7 in Spellcasting
  4862 | D:6      | Reached XP level 8. HP: 44/44 MP: 15/20
  4953 | D:6      | Found a shimmering blue altar of Sif Muna.
  5364 | D:6      | Noticed Menkaure
  5370 | D:6      | Killed Menkaure
  6103 | D:7      | Reached skill level 8 in Spellcasting
  6159 | D:7      | Reached XP level 9. HP: 52/52 MP: 17/23
  6664 | D:8      | Reached skill level 5 in Dodging
  7038 | D:8      | Noticed Grum
  7044 | D:8      | Killed Grum
  7275 | D:8      | Reached skill level 5 in Translocations
  7344 | D:8      | Found a radiant altar of Vehumet.
  7354 | D:8      | Became a worshipper of Vehumet
  7563 | D:8      | Reached skill level 5 in Fighting
  7741 | D:9      | Noticed a two-headed ogre
  7746 | D:9      | Noticed Joseph
  7775 | D:8      | Killed a two-headed ogre
  7776 | D:8      | Reached skill level 9 in Spellcasting
  7967 | D:9      | Identified the +8 short sword of the Thing {freeze, rPois
                  | rC+ Str+3 SInv}
  8074 | D:9      | Noticed a meliai
  8083 | D:9      | Killed from afar by a meliai

Illustrated notes

Levels and vault maps discovered:
D:1:      dpeg_arrival_arbitrary_b, layout_basic,
          dilly_ecumenical_altar_fadedgnrine
D:2:      layout_rooms, serial_forest, infiniplex_forest_straight_3,
          infiniplex_forest_straight_4, infiniplex_forest_end_2,
          infiniplex_forest_clump_diagonal, infiniplex_forest_3_way,
          infiniplex_forest_corner_1, infiniplex_forest_lined_4_way,
          basic_altar, uniq_natasha
D:3:      layout_loops_ring, nicolae_wu_jian_glorious_leap,
          jmf_multi_god_temple2, portal_sewer_entry_d, minmay_misc_feat_columns,
          uniq_jessica, uniq_sigmund
D:4:      layout_gridville, minmay_temple_entry_ruins, minmay_shop_damaged
D:5:      layout_basic, mainiacjoe_overflow_paths,
          nicolae_qazlal_style_of_elements
D:6:      layout_layer_cave, mainiacjoe_overflow_chevrons, grunt_ministairs_8,
          uniq_menkaure
D:7:      layout_gridville, nicolae_fountain_basement
D:8:      layout_loops_ring, vehumet_statue, uniq_grum
D:9:      minmay_distorted_concentric_squares, layout_basic, uniq_joseph
Temple:   nicolae_temple_god_jail

Skill      XL: |  1  2  3  4  5  6  7  8  9 |
---------------+----------------------------+-----
Spellcasting   | 4 5 6 7 8 9 |  9.2
Conjurations   | 5 6 7 8 |  8.6
Hexes          | 1 2 3 4 5 |  5.0
Translocations | 2 4 5 |  5.0
Fighting       | 2 4 5 |  5.7
Dodging        | 3 4 6 |  6.3
Stealth        | |  2.4

Action                   |  1- 3 |  4- 6 |  7- 9 || total
-------------------------+-------+-------+-------++-------
Melee: Dagger            |       |     4 |     2 ||     6
 Cast: Magic Dart        |    56 |    90 |    85 ||   231
       Fulminant Prism   |       |     6 |    55 ||    61
       Searing Ray       |       |     3 |    18 ||    21
       Iskenderun's Myst |       |       |     7 ||     7
       Dazzling Flash    |       |       |     5 ||     5
  Use: Scroll            |       |       |     9 ||     9
       Potion            |       |       |     2 ||     2
Armor: Robe              |       |     3 |     3 ||     6
       Leather armour    |       |       |     6 ||     6
Dodge: Dodged            |     1 |    13 |    25 ||    39
